Map: Odyssey LE

Players

Bombs

  • Race: Terran Terran
  • Spawn Location: 11:00

A.I. 2 (Elite) - Winner!

  • Race: Terran Terran
  • Spawn Location: 5:00

VOD

Have the link to the VOD?

Description

Time

  • Played on: Aug. 7, 2017, 1:37 p.m.
  • Length: 10:07
Show
View Real Time Build Order
Export as new Build Order

Bombs Terran 

Build Orders: Cyclone Opening, Reaper Expand, Mech 

Get SALT Encoding   

  12  0:00  SCV  
  13  0:13  SCV  
  14  0:17  Supply Depot  
  14  0:25  SCV  
  15  0:29  Refinery  
  15  0:39  SCV  
  16  0:44  Barracks  
  16  0:51  SCV  
  17  1:03  SCV  
  18  1:15  SCV  
  19  1:32  Orbital Command, Reaper  
  20  1:47  Command Center  
  20  1:58  SCV  
  21  2:01  Factory  
  21  2:08  Barracks Reactor  
  21  2:10  SCV  
  21  2:15  Supply Depot  
  22  2:21  Refinery  
  22  2:25  SCV  
  23  2:37  SCV  
  24  2:45  Marine x2  
  24  2:46  Cyclone  
  24  2:50  SCV  
  30  2:59  Orbital Command  
  30  3:02  SCV  
  33  3:08  Factory  
  33  3:12  Marine x2  
  33  3:19  SCV  
  34  3:25  Cyclone  
  37  3:28  SCV  
  37  3:32  SCV  
  37  3:33  Supply Depot  
  39  3:35  Marine  
  39  3:37  Marine  
  39  3:40  SCV  
  42  3:46  SCV  
  42  3:47  Factory  
  43  3:52  Factory Reactor  
  43  3:54  SCV  
  44  3:58  SCV  
  44  4:01  Supply Depot  
  45  4:06  SCV  
  45  4:07  Barracks Reactor  
  46  4:10  SCV  
  46  4:11  Hellion x2  
  51  4:18  SCV  
  51  4:22  SCV  
  53  4:24  Supply Depot  
  53  4:30  SCV, Supply Depot  
  54  4:34  Cyclone, SCV  
  54  4:35  Cyclone  
  61  4:46  Hellion x2  
  61  4:47  SCV x2, Supply Depot  
  61  4:52  Hellion x2  
  71  4:59  SCV  
  72  5:00  SCV  
  72  5:01  Armory  
  73  5:10  Hellion x4, Supply Depot  
  81  5:16  Cyclone  
  81  5:21  Supply Depot  
  84  5:24  Hellion  
  86  5:32  Hellion x2, Cyclone  
  93  5:36  Supply Depot  
  93  5:41  Supply Depot  
  95  5:43  Hellion  
  95  5:45  Hellion  
  97  5:50  Cyclone  
  97  5:54  Hellion  
  102  5:58  Hellion  
  106  6:04  Hellion x2  
  106  6:07  Hellion  
  110  6:15  Hellion, SCV  
  113  6:20  Hellion  
  113  6:22  Cyclone, Supply Depot  
  113  6:23  Supply Depot  
  118  6:37  Command Center  
  118  6:44  Hellion x2  
  118  6:45  Hellion  
  122  6:49  Hellion  
  122  6:54  Cyclone  
  125  7:04  SCV, Refinery  
  125  7:05  SCV, Refinery  
  121  7:16  Starport, Terran Vehicle Weapons Level 1, SCV  
  121  7:17  Factory Tech Lab, SCV  
  121  7:20  Factory Tech Lab, Engineering Bay  
  121  7:21  Supply Depot  
  121  7:22  Supply Depot  
  123  7:27  Supply Depot  
  123  7:29  SCV x2  
  129  7:30  Hellion x2  
  129  7:34  Supply Depot  
  129  7:41  SCV x2  
  131  7:50  Siege Tank x2  
  136  7:53  SCV x2, Orbital Command  
  136  7:56  Refinery  
  137  8:00  Viking  
  137  8:01  Viking  
  137  8:05  SCV  
  142  8:07  SCV  
  143  8:14  Hellion x2  
  143  8:17  SCV, Refinery  
  148  8:20  SCV x2  
  148  8:22  Siege Tank  
  148  8:26  Siege Tank  
  156  8:28  Hellion  
  156  8:29  Hellion, SCV  
  156  8:32  SCV  
  158  8:36  Viking x2  
  158  8:37  Hellion  
  158  8:38  Hellion  
  158  8:40  SCV  
  167  8:41  SCV  
  167  8:44  SCV  
  169  8:52  SCV  
  169  8:53  SCV  
  171  8:56  SCV  
  171  8:57  Factory  
  171  9:01  Factory  
  172  9:04  SCV  
  172  9:05  Siege Tank  
  172  9:06  Hellion x2  
  180  9:20  Supply Depot  
  180  9:22  Command Center  
  180  9:23  Supply Depot  
  180  9:42  Hellion x2  
  180  9:43  Supply Depot  
  180  9:45  Hellion  
  190  9:51  Factory Tech Lab  
  193  9:53  Armory  
Show
View Real Time Build Order
Export as new Build Order

A.I. 2 (Elite) Terran - Winner!

Build Orders: MMM Bio 

Get SALT Encoding   

  12  0:00  SCV  
  13  0:13  SCV  
  14  0:19  Supply Depot  
  14  0:25  SCV  
  15  0:40  SCV  
  16  0:44  Barracks  
  16  0:53  SCV  
  17  1:05  SCV  
  18  1:17  SCV  
  19  1:18  Supply Depot  
  19  1:22  Refinery  
  19  1:29  SCV  
  19  1:30  Marine  
  21  1:41  SCV  
  22  1:48  Marine  
  22  1:49  Refinery  
  22  1:53  SCV  
  24  2:05  SCV  
  24  2:06  Marine  
  26  2:17  SCV  
  26  2:21  Factory  
  27  2:24  Marine  
  27  2:29  SCV  
  29  2:40  Factory  
  29  2:41  SCV  
  29  2:42  Marine  
  29  2:43  Supply Depot  
  31  2:55  Orbital Command  
  31  3:04  Factory Tech Lab  
  31  3:05  Marine  
  32  3:20  SCV  
  32  3:22  Marine  
  32  3:25  Factory Tech Lab, Command Center  
  34  3:32  SCV  
  35  3:44  SCV  
  36  3:56  SCV  
  36  4:02  Barracks  
  37  4:08  SCV  
  38  4:11  Supply Depot  
  38  4:20  SCV  
  39  4:32  Siege Tank x2  
  39  4:33  SCV  
  39  4:35  Supply Depot  
  39  4:36  Marine, SCV  
  48  4:45  SCV, Supply Depot  
  49  4:48  SCV  
  50  4:57  Barracks, SCV  
  51  5:00  SCV  
  51  5:04  Barracks Tech Lab, Marine, Siege Tank x2  
  59  5:09  SCV  
  59  5:12  SCV  
  61  5:21  Marine  
  61  5:23  Marine  
  61  5:24  Stimpack  
  63  5:28  Starport  
  63  5:33  Command Center  
  63  5:40  Barracks Tech Lab  
  63  5:41  Marine  
  64  5:43  Barracks Reactor  
  64  5:58  Combat Shields  
  64  5:59  Marine, Marauder  
  67  6:07  Starport Reactor  
  67  6:08  Supply Depot  
  67  6:14  Engineering Bay  
  67  6:17  Marine  
  68  6:21  Marauder  
  69  6:35  Barracks  
  69  6:36  Marauder  
  69  6:38  Marine  
  68  6:40  Marine  
  68  6:42  Marauder, Terran Infantry Weapons Level 1  
  50  6:56  Marine  
  50  6:57  Marine, Marauder  
  48  7:04  Marauder  
  42  7:13  Marine  
  42  7:15  Marine  
  43  7:18  Marine  
  39  7:38  Marine  
  39  7:42  Marine  
  41  7:46  Command Center  
  41  7:48  Marine  
  42  7:53  Marine  
  42  7:58  Marine  
  44  8:11  Marauder  
  46  8:19  Marauder  
  48  8:24  SCV  
  49  8:29  SCV  
  50  8:36  SCV  
  51  8:41  SCV  
  51  8:48  SCV  
  53  8:53  SCV  
  54  9:00  Marauder  
  56  9:13  Marauder  
  56  9:14  Marine  
  56  9:16  Marine  
  60  9:21  Marauder  
  62  9:34  Marauder  
  64  9:41  Marine x3  
  64  9:43  Marauder  
  69  9:53  Command Center  
Tags
 
Add a new tag
Caveats
  • Supply blocks, unpowered buildings, or Contaminate may cause inaccurate times.
  • Supply counts are checked every 10 seconds.